 Dungeon Crawl Stone Soup version 0.26.1-2-gb8aa6d0cf2 (webtiles) character file.

Game seed: 2118733160204885068

49 Gadfly the Skirmisher (level 3, 29/29 HPs)
             Began as a Demonspawn Monk on Feb 10, 2021.
             Quit the game on level 2 of the Dungeon.
             The game lasted 00:02:07 (2265 turns).

Gadfly the Skirmisher (Demonspawn Monk)             Turns: 2265, Time: 00:02:07

Health: 29/29      AC:  6    Str: 12    XL:     3   Next: 51%
Magic:  4/4        EV: 10    Int: 13    God:
Gold:   36         SH:  0    Dex: 15    Spells: 2/2 levels left

rFire    . . .     SeeInvis .   a - +0 hand axe
rCold    . . .     Faith    .   (no shield)
rNeg     . . .     Spirit   .   d - +0 scale mail
rPois    .         Reflect  .   (helmet restricted)
rElec    .         Harm     .   (no cloak)
rCorr    .         Rampage  .   (no gloves)
Will     .....                  (no boots)
Stlth    +.........             (no amulet)
HPRegen  0.09/turn              (no ring)
MPRegen  0.09/turn              (no ring)

@: no status effects
A: antennae 1, big brain 1
a: no special abilities


You were on level 2 of the Dungeon.
You visited 1 branch of the dungeon, and saw 2 of its levels.

You collected 36 gold pieces.

Inventory:

Hand Weapons
 a - a +0 hand axe (weapon)
Missiles
 h - a throwing net (quivered)
Armour
 d - a +0 scale mail (worn)
Scrolls
 c - a scroll of blinking {unknown}
 e - a scroll of fear {unknown}
 i - a scroll of remove curse {unknown}
 j - a scroll of enchant armour {unknown}
Potions
 b - a potion of lignification {unknown}
 f - a potion of attraction {unknown}
 g - a potion of heal wounds {unknown}


   Skills:
 - Level 3.0 Fighting
 + Level 3.0 Axes
 * Level 1.2 Armour
 - Level 2.6 Dodging
 - Level 1.7 Stealth
 * Level 2.2 Invocations
 * Level 1.5 Evocations


You had 2 spell levels left.
You didn't know any spells.
Your spell library was empty.

Dungeon Overview and Level Annotations

Branches:
Dungeon (2/15)

Altars:


Innate Abilities, Weirdness & Mutations

You have a pair of small antennae on your head.
You have an unusually large brain. (Int +2)


Message History

You are too injured to fight recklessly!
You are too injured to fight recklessly!
You hit the worm.
The worm is almost dead.
The worm closely misses you.
You hit the worm.
You kill the worm!
You closely miss the hobgoblin. The hobgoblin barely misses you.
You hit the hobgoblin.
You kill the hobgoblin!
Things that are here:
a +0 club; 17 stones; a hobgoblin corpse You start resting.
HP restored.
An adder comes into view.
The adder hisses angrily.
Found a scroll labelled TIEPSA TAURAFI.
An adder is nearby!
An adder is nearby!
Are you sure you want to abandon this character and quit the game? (Confirm with "yes".)

... ... .# ##
..# .# .?
##.#
......?.##
#....#... ...
... ... #S#
#.# #@# #.#
#.#
#.#.###.###.#
#...........#
###.###.#####
#.# #.#
#.########
#........##..


You could see an adder.

Vanquished Creatures
  2 worms (D:2)
  2 dart slugs
  A leopard gecko (D:2)
  A ball python (D:2)
  5 bats
  2 giant cockroaches (D:1)
  5 goblins
  5 hobgoblins
  8 frilled lizards
  4 kobolds
  3 rats
38 creatures vanquished.

Notes
Turn   | Place    | Note
-------+----------+-------------------------------------------
     0 | D:1      | Gadfly the Demonspawn Monk began the quest for the Orb.
     0 | D:1      | Reached XP level 1. HP: 18/18 MP: 1/1
   251 | D:1      | Reached skill level 1 in Invocations
   263 | D:1      | Gained mutation: You have a pair of small antennae on your
                  | head. [demonic ancestry]
   263 | D:1      | Reached XP level 2. HP: 24/24 MP: 2/2
   761 | D:1      | Reached skill level 1 in Evocations
  1108 | D:2      | Reached skill level 1 in Armour
  1343 | D:2      | Gained mutation: You have an unusually large brain. (Int
                  | +2) [demonic ancestry]
  1343 | D:2      | Reached XP level 3. HP: 29/29 MP: 4/4
  2265 | D:2      | Quit the game

Illustrated notes

Levels and vault maps discovered:
D:1:      wander_arrival_desolate, layout_basic, nrook_mini_vaults,
          minmay_liquid_box
D:2:      layout_loops_ring, general_overflow_altar, minmay_fractal_squares_5

Skill      XL: |  1  2  3 |
---------------+----------+-----
Invocations    | 1 2 |  2.2
Evocations     | 1 |  1.5
Armour         | 1 |  1.2
Axes           | 3 |  3.0
Fighting       | |  3.0
Dodging        | |  2.6
Stealth        | |  1.7

Action                   || total
-------------------------++-------
Melee: Hand axe          ||   133
Armor: Scale mail        ||    65
Dodge: Dodged            ||    76
